[Event "Titled Tuesday Blitz January 03 Late 2023"]
[White "Blanco Ronquillo, Humberto L."]
[Black "Hoffmann, Asa"]
[WhiteFideId "3504239"]
[BlackFideId "2001470"]
[WhiteElo "2442"]
[BlackElo "2185"]
[Result "1-0"]
[Round "02"]
[TimeControl "180+2"]
[Date "2023.01.03"]
[WhiteClock "0:01:40"]
[BlackClock "0:00:03"]

1. e4 d6 2. d4 Nf6 3. Bd3 e5 4. Ne2 Nc6 5. c3 Be7 6. O-O O-O 7. f4 Bg4 8. d5 Nb8 9. f5 Nbd7 10. h3 Bxe2 11. Qxe2 c6 12. c4 Nc5 13. Bc2 a5 14. Nc3 Nfd7 15. Be3 Bg5 16. Bf2 cxd5 17. cxd5 Rc8 18. Rad1 h6 19. Bb1 Qb6 20. h4 Be7 21. g4 Qa6 22. Qb5 Qxb5 23. Nxb5 Na4 24. Rd2 Nac5 25. Kg2 Nf6 26. Kf3 h5 27. g5 Ng4 28. Bg1 a4 29. Rc2 b6 30. Rc3 Ra8 31. Rfc1 Ra5 32. Na3 b5 33. Nc2 a3 34. b3 Raa8 35. Nb4 Rfc8 36. Nc6 1-0


[Site "https://www.chess.com"]

[Event "Titled Tuesday Blitz January 03 Late 2023"]
[White "Novikova, Galina"]
[Black "Espinosa, Pedro"]
[WhiteFideId "4157095"]
[BlackFideId "30921066"]
[WhiteElo "2073"]
[BlackElo "2229"]
[Result "1-0"]
[Round "02"]
[TimeControl "180+2"]
[Date "2023.01.03"]
[WhiteClock "0:00:07"]
[BlackClock "0:00:13"]

1. e4 c5 2. Nf3 d6 3. d4 cxd4 4. Nxd4 Nf6 5. Nc3 Nc6 6. h3 e5 7. Nde2 Be7 8. g4 h6 9. Bg2 Be6 10. Ng3 O-O 11. Be3 Qd7 12. O-O Rfd8 13. Nd5 Rac8 14. c3 b6 15. Qd2 Na5 16. b3 Nb7 17. c4 Nc5 18. Nf5 Bxf5 19. exf5 Nxd5 20. Bxd5 Bf6 21. Rad1 Qe7 22. Rfe1 Kf8 23. Kh1 Bg5 24. f4 Bh4 25. Bf2 Bxf2 26. Qxf2 Qf6 27. fxe5 dxe5 28. Re3 e4 29. Qg2 Qg5 30. Qg3 Qf6 31. Rf1 Re8 32. h4 Qe5 33. Kg2 Qxg3+ 34. Kxg3 Rcd8 35. Kf4 Nd3+ 36. Kg3 Nb4 37. Bxe4 Nc2 38. Re2 Nb4 39. Rfe1 Rd4 40. Bf3 Rxe2 41. Rxe2 Nd3 42. Rd2 Rd7 43. Be2 Nc5 44. Rxd7 Nxd7 45. Kf4 Ke7 46. Bf3 f6 47. Ke3 Kd6 48. b4 Ne5 49. Be2 Nd7 50. Kf4 Ne5 51. g5 hxg5+ 52. hxg5 Nd7 53. gxf6 gxf6 54. Ke4 Ne5 55. Kd4 Nc6+ 56. Kc3 Ke5 57. Bd3 Kd6 58. a4 Ne5 59. Be2 Nd7 60. Kd4 Ne5 61. c5+ bxc5+ 62. bxc5+ Kc6 63. Bb5+ Kb7 64. Kd5 a6 65. Be8 Kc7 66. Ke6 Nd3 67. c6 Kd8 68. Bd7 Nf4+ 69. Kxf6 Nd5+ 70. Kg7 Ke7 71. Bc8 Kd8 72. Bxa6 Ke7 73. Bb5 Nf6 74. Kg6 Nd5 75. a5 Nc7 76. Bc4 Kf8 77. f6 Ne8 78. a6 Nc7 79. a7 Ke8 80. Ba6 Kd8 81. Bb7 Ke8 82. a8=Q+ Nxa8 83. Bxa8 Kd8 84. Kg7 Kc8 85. f7 Kc7 86. f8=Q Kb6 87. c7 Ka7 88. Bd5 Kb6 89. Qb4+ Kxc7 90. Qc5+ Kd7 91. Qc6+ Ke7 92. Qe6+ Kd8 93. Qd6+ Ke8 94. Bf7# 1-0


[Site "https://www.chess.com"]

[Event "Titled Tuesday Blitz January 03 Late 2023"]
[White "Miszler, Levente"]
[Black "Goroshkov, Maksym"]
[WhiteFideId "763276"]
[BlackFideId "14142716"]
[WhiteElo "2271"]
[BlackElo "2287"]
[Result "0-1"]
[Round "02"]
[TimeControl "180+2"]
[Date "2023.01.03"]
[WhiteClock "0:01:26"]
[BlackClock "0:01:59"]

1. Nf3 Nf6 2. c4 g6 3. g3 Bg7 4. Bg2 O-O 5. Nc3 d5 6. cxd5 Nxd5 7. O-O Nxc3 8. bxc3 c5 9. d4 cxd4 10. cxd4 Nc6 11. a4 Nxd4 12. Nxd4 Qxd4 13. Rb1 Rb8 14. Bf4 Qxd1 15. Rfxd1 e5 16. Be3 b6 17. a5 b5 18. Bxa7 Bf5 19. Bxb8 Bxb1 20. Rxb1 Rxb8 21. a6 e4 22. a7 Ra8 23. Rxb5 Rxa7 24. Rb8+ Bf8 25. Bxe4 Kg7 26. Kg2 Bd6 27. Rb2 Be5 28. Rc2 Rc7 29. Ra2 Re7 30. Bd5 Rd7 31. e4 Rc7 32. f4 Bd4 33. h3 h5 34. Ra4 Rc2+ 35. Kf3 Rf2# 0-1


[Site "https://www.chess.com"]

[Event "Titled Tuesday Blitz January 03 Late 2023"]
[White "Kalajzic, Ivan"]
[Black "Msellek, Ilyass"]
[WhiteFideId "14506378"]
[BlackFideId "675938"]
[WhiteElo "2062"]
[BlackElo "2420"]
[Result "0-1"]
[Round "02"]
[TimeControl "180+2"]
[Date "2023.01.03"]
[WhiteClock "0:00:56"]
[BlackClock "0:01:10"]

1. b3 a5 2. a3 Nf6 3. Bb2 e6 4. e3 c5 5. Nf3 a4 6. d4 axb3 7. cxb3 b6 8. Be2 Bb7 9. O-O Be7 10. Nc3 O-O 11. Nb5 Nc6 12. dxc5 bxc5 13. Nd6 Ba6 14. Bxa6 Rxa6 15. Ne5 Nd5 16. Nxc6 Rxc6 17. Nc4 Bf6 18. Qc2 h5 19. Rfd1 h4 20. h3 Qe7 21. Rd2 Bxb2 22. Qxb2 Qg5 23. Qe5 Qg6 24. Rad1 f5 25. Qb2 d6 26. a4 f4 27. Qc2 Rf5 28. Rxd5 exd5 29. Rxd5 f3 30. Qxf5 Qxg2# 0-1


[Site "https://www.chess.com"]

[Event "Titled Tuesday Blitz January 03 Late 2023"]
[White "Melikhov, Evgeny V."]
[Black "Golubev, Mikhail"]
[WhiteFideId "4122046"]
[BlackFideId "14100983"]
[WhiteElo "2269"]
[BlackElo "2461"]
[Result "0-1"]
[Round "02"]
[TimeControl "180+2"]
[Date "2023.01.03"]
[WhiteClock "0:00:13"]
[BlackClock "0:00:47"]

1. d4 Nf6 2. c4 g6 3. Nc3 Bg7 4. e4 d6 5. f3 O-O 6. Be3 a6 7. Nge2 Nbd7 8. Qd2 b5 9. Bh6 Bxh6 10. Qxh6 b4 11. Nd5 c5 12. O-O-O e6 13. Nxf6+ Qxf6 14. h4 e5 15. d5 Qg7 16. Qxg7+ Kxg7 17. h5 f5 18. hxg6 hxg6 19. exf5 gxf5 20. g4 f4 21. Ng1 e4 22. fxe4 Ne5 23. g5 Bg4 24. Rd2 f3 25. Rdh2 Rh8 26. Rxh8 Rxh8 27. Rxh8 Kxh8 28. b3 Kg7 29. Kd2 Kg6 30. Ke3 Kxg5 31. Bh3 Kh4 32. Bxg4 Kxg4 33. Kf2 Nd3+ 34. Kf1 Kg3 0-1


[Site "https://www.chess.com"]

[Event "Titled Tuesday Blitz January 03 Late 2023"]
[White "Ortega Ruiz, Jose Miguel"]
[Black "De La Colina, Nicolas"]
[WhiteFideId "2209713"]
[BlackFideId "30946921"]
[WhiteElo "2351"]
[BlackElo "2244"]
[Result "1-0"]
[Round "02"]
[TimeControl "180+2"]
[Date "2023.01.03"]
[WhiteClock "0:01:05"]
[BlackClock "0:00:04"]

1. c4 g6 2. g3 Bg7 3. Bg2 d6 4. Nf3 c5 5. O-O Nc6 6. Nc3 e5 7. d3 Nge7 8. Rb1 a5 9. Ne1 Be6 10. Nc2 d5 11. cxd5 Nxd5 12. Ne3 Nde7 13. Ne4 b6 14. Qa4 O-O 15. Ng5 Bd7 16. Qh4 h6 17. Nf3 g5 18. Qc4 Be6 19. Qa4 Qc7 20. Bd2 Rab8 21. Rfc1 f5 22. a3 f4 23. Nf1 g4 24. Nh4 Nd4 25. Qd1 Bb3 26. Qe1 Nc2 27. Rxc2 Bxc2 28. Rc1 Bb3 29. Be4 Qd7 30. Ng2 Bd5 31. gxf4 Bxe4 32. dxe4 exf4 33. Nxf4 Bxb2 34. Rb1 Be5 35. Nd3 Bg7 36. Qc1 Qc6 37. Ng3 Rbd8 38. Qc4+ Kh8 39. Be3 Bd4 40. Nf4 Bxe3 41. fxe3 Rd6 42. e5 Rd7 43. Qe4 Qxe4 44. Nxe4 Kg8 45. Nf6+ Rxf6 46. exf6 Nd5 47. Nxd5 Rxd5 48. Rxb6 Kf7 49. Ra6 Re5 50. Kf2 Rf5+ 51. Kg3 Re5 52. Kf4 Rd5 53. Rxa5 h5 54. e4 Rd2 55. Kf5 Rxe2 56. Ra7+ Kf8 57. e5 Rf2+ 58. Ke6 Kg8 59. Rg7+ Kf8 60. Rh7 Kg8 61. Rxh5 c4 62. Rg5+ Kf8 63. Rxg4 c3 64. Rc4 Kg8 65. Rxc3 1-0


[Site "https://www.chess.com"]

[Event "Titled Tuesday Blitz January 03 Late 2023"]
[White "Krsnik Cohar, Ivan Vihor"]
[Black "Silva, Kaua Marques"]
[WhiteFideId "14520044"]
[BlackFideId "22701168"]
[WhiteElo "2336"]
[BlackElo "2169"]
[Result "1-0"]
[Round "02"]
[TimeControl "180+2"]
[Date "2023.01.03"]
[WhiteClock "0:00:28"]
[BlackClock "0:00:19"]

1. e4 c6 2. Nf3 d6 3. d4 Nf6 4. Bd3 Qc7 5. e5 Nd5 6. c4 Nb6 7. O-O g6 8. exd6 exd6 9. Re1+ Be6 10. d5 cxd5 11. cxd5 Nxd5 12. Bb5+ Kd8 13. Qd4 Rg8 14. Qxd5 a6 15. Ba4 Nc6 16. Bxc6 bxc6 17. Qd1 Be7 18. Nbd2 Kc8 19. Ne4 Bd5 20. Nc3 Be6 21. Ng5 Bxg5 22. Bxg5 h6 23. Bf4 g5 24. Bxd6 Qb6 25. Qa4 Rd8 26. Bg3 Ra7 27. Rac1 Rad7 28. Ne4 Bd5 29. Nf6 Rb7 30. Nxd5 Rxd5 31. Rxc6+ 1-0


[Site "https://www.chess.com"]

[Event "Titled Tuesday Blitz January 03 Late 2023"]
[White "Xie, Bryan"]
[Black "Sargsyan, Anna M."]
[WhiteFideId "30941296"]
[BlackFideId "13308130"]
[WhiteElo "2361"]
[BlackElo "2375"]
[Result "0-1"]
[Round "02"]
[TimeControl "180+2"]
[Date "2023.01.03"]
[WhiteClock "0:00:59"]
[BlackClock "0:01:10"]

1. e4 c6 2. d4 d5 3. Nc3 dxe4 4. Nxe4 Nd7 5. Nf3 Ngf6 6. Ng3 e6 7. Bd3 c5 8. Be3 cxd4 9. Bxd4 Bc5 10. Bc3 O-O 11. O-O Qc7 12. Ng5 h6 13. N5e4 Be7 14. Nxf6+ Bxf6 15. Nh5 Bxc3 16. bxc3 Ne5 17. Qd2 Bd7 18. Qf4 Qxc3 19. Qg3 Nxd3 20. cxd3 g6 21. Nf4 Kh7 22. Rac1 Qf6 23. Rc7 Bc6 24. Re1 Rae8 25. Qe3 Re7 26. Rxe7 Qxe7 27. Qxa7 Qb4 28. Qe3 Ra8 29. h4 Rxa2 30. h5 g5 31. Nxe6 Qg4 32. Nf8+ Kg8 0-1


[Site "https://www.chess.com"]

[Event "Titled Tuesday Blitz January 03 Late 2023"]
[White "Martynov, Pavel"]
[Black "Prydun, Andriy"]
[WhiteFideId "4101260"]
[BlackFideId "14145898"]
[WhiteElo "2414"]
[BlackElo "2134"]
[Result "1/2-1/2"]
[Round "02"]
[TimeControl "180+2"]
[Date "2023.01.03"]
[WhiteClock "0:00:06"]
[BlackClock "0:00:03"]

1. e4 c6 2. d4 d5 3. exd5 cxd5 4. c4 Nf6 5. Nc3 Nc6 6. Bg5 Ne4 7. cxd5 Nxg5 8. dxc6 bxc6 9. Bc4 Be6 10. Qa4 Qb6 11. d5 Bd7 12. Qb3 e6 13. dxe6 Nxe6 14. Nf3 Bd6 15. O-O O-O 16. Rad1 Qc7 17. Ne4 Be7 18. Rfe1 Rab8 19. Qc2 Rfd8 20. a3 h6 21. h3 Bf8 22. Rd2 Bc8 23. Red1 Rxd2 24. Rxd2 Qf4 25. Ng3 Qf6 26. Ne4 Qf4 27. Qd3 Rb7 28. Qe3 Qxe3 29. fxe3 Rc7 30. Ne5 Be7 31. Nd6 Bxd6 32. Rxd6 Kf8 33. Nxc6 Rd7 34. Rxd7 Bxd7 35. Nxa7 Nc5 36. Bb5 Be6 37. b4 Ne4 38. Nc6 Nc3 39. Bd3 Nd5 40. Kf2 Nb6 41. Nd4 Bd5 42. e4 Bb7 43. Ke3 Ke7 44. Bb5 Bc8 45. a4 Bd7 46. a5 Nc8 47. Bxd7 Kxd7 48. b5 Nd6 49. b6 Nc4+ 50. Kf4 Nxa5 51. Nf5 Nc4 52. Nxg7 Nxb6 53. Nf5 h5 54. Ng7 Nc4 55. Nxh5 Ke6 56. Ng3 Kf6 57. Nf5 Ne5 58. g4 Ng6+ 59. Kf3 Ke5 60. h4 Nf8 61. h5 Nh7 62. Ng3 Ng5+ 63. Ke3 f6 64. h6 Nh7 65. Kd3 Kf4 66. Nh5+ Kxg4 67. Ng7 Kg5 68. Ne6+ Kxh6 69. Kd4 Kg6 70. Kd5 Kf7 71. Nf4 Ng5 72. Nd3 Nf3 73. e5 Nxe5 74. Nxe5+ fxe5 75. Kxe5 1/2-1/2


[Site "https://www.chess.com"]

[Event "Titled Tuesday Blitz January 03 Late 2023"]
[White "Pinheiro, Iung Alicio de O."]
[Black "Sai Han Thiha"]
[WhiteFideId "2104350"]
[BlackFideId "13012290"]
[WhiteElo "2306"]
[BlackElo "2070"]
[Result "1-0"]
[Round "02"]
[TimeControl "180+2"]
[Date "2023.01.03"]
[WhiteClock "0:00:22"]
[BlackClock "0:00:09"]

1. e4 c6 2. Nc3 d5 3. Nf3 dxe4 4. Nxe4 Nf6 5. Qe2 Nxe4 6. Qxe4 Nd7 7. Bc4 Nf6 8. Ne5 e6 9. Qe2 Be7 10. O-O O-O 11. Rd1 Qc7 12. d4 b5 13. Bd3 Nd5 14. a4 b4 15. Qe4 f5 16. Qe2 c5 17. dxc5 Bxc5 18. Bd2 Bb7 19. Bc4 a5 20. Nf3 Rfe8 21. Rac1 Kh8 22. c3 bxc3 23. bxc3 e5 24. Ng5 h6 25. Rb1 Bc6 26. Qh5 Re7 27. Qg6 hxg5 28. Bxg5 Qd6 29. Qh5+ Kg8 30. Bxe7 Qxe7 31. Rxd5 Bxd5 32. Bxd5+ Kf8 33. Qh8# 1-0


[Site "https://www.chess.com"]

[Event "Titled Tuesday Blitz January 03 Late 2023"]
[White "Aggelis, Nikolaos"]
[Black "Gomes, Luiz Alexandre de Souza"]
[WhiteFideId "4213220"]
[BlackFideId "2102790"]
[WhiteElo "2270"]
[BlackElo "2254"]
[Result "1-0"]
[Round "02"]
[TimeControl "180+2"]
[Date "2023.01.03"]
[WhiteClock "0:00:48"]
[BlackClock "0:00:23"]

1. e4 c5 2. Nf3 d6 3. d4 cxd4 4. Nxd4 Nf6 5. f3 a6 6. c4 e6 7. Nc3 Be7 8. Be3 Bd7 9. Be2 O-O 10. O-O Nc6 11. Qd2 Rb8 12. Rfc1 Nxd4 13. Bxd4 b5 14. b3 Re8 15. Kh1 h6 16. Rd1 Qc7 17. Rac1 Red8 18. cxb5 axb5 19. Nd5 Nxd5 20. Rxc7 Nxc7 21. Qa5 Ne8 22. Rc1 Ra8 23. Qd2 Bg5 24. f4 Be7 25. Bf3 Rac8 26. Rxc8 Rxc8 27. h3 Bc6 28. Qa5 Bd8 29. Qa6 Bd7 30. Kh2 Kf8 31. a4 bxa4 32. bxa4 f6 33. a5 Ke7 34. Bb6 Nc7 35. Qb7 Na8 36. Bxd8+ Kxd8 37. e5 d5 38. exf6 gxf6 39. a6 Nc7 40. a7 Ra8 41. f5 exf5 42. Bxd5 Nxd5 43. Qxa8+ 1-0


[Site "https://www.chess.com"]

[Event "Titled Tuesday Blitz January 03 Late 2023"]
[White "Bove, Alessandro"]
[Black "Klose, Eli"]
[WhiteFideId "814121"]
[BlackFideId "16242955"]
[WhiteElo "2311"]
[BlackElo "1519"]
[Result "0-1"]
[Round "02"]
[TimeControl "180+2"]
[Date "2023.01.03"]
[WhiteClock "0:00:19"]
[BlackClock "0:00:53"]

1. d4 Nf6 2. Nf3 c5 3. e3 b6 4. Bd3 g6 5. Qe2 Bg7 6. Nbd2 d5 7. c3 O-O 8. Bc2 Bb7 9. dxc5 bxc5 10. e4 Ba6 11. c4 Nc6 12. exd5 Nb4 13. Be4 Nfxd5 14. g3 Nb6 15. O-O Rc8 16. Rd1 Nc6 17. Rb1 Nd4 18. Nxd4 cxd4 19. b3 e5 20. Ba3 Re8 21. Qf3 f5 22. Bd5+ Nxd5 23. Qxd5+ Qxd5 24. cxd5 Red8 25. d6 Bf8 26. Rbc1 Rxc1 27. Rxc1 Bxd6 28. Bxd6 Rxd6 29. Rc7 e4 30. Rxa7 e3 31. fxe3 dxe3 32. Nf3 Rd1+ 33. Kg2 Bf1+ 34. Kg1 Bh3+ 35. Ne1 Rxe1# 0-1


[Site "https://www.chess.com"]

[Event "Titled Tuesday Blitz January 03 Late 2023"]
[White "Kaganskiy, Gleb"]
[Black "Bilan, Danila"]
[WhiteFideId "4132025"]
[BlackFideId "24161918"]
[WhiteElo "2205"]
[BlackElo "2303"]
[Result "0-1"]
[Round "02"]
[TimeControl "180+2"]
[Date "2023.01.03"]
[WhiteClock "0:00:11"]
[BlackClock "0:00:08"]

1. e4 c6 2. d4 d5 3. exd5 cxd5 4. Bd3 Nc6 5. c3 Qc7 6. h3 g6 7. Nf3 Bf5 8. Be2 Nf6 9. O-O h5 10. Be3 e6 11. Qc1 Bd6 12. Na3 a6 13. Nc2 Ne4 14. Nce1 Rg8 15. Nd3 f6 16. c4 g5 17. cxd5 exd5 18. Nd2 g4 19. h4 O-O-O 20. Nxe4 Bxe4 21. Nf4 Kb8 22. Ne6 Qe7 23. Nxd8 Rxd8 24. Bxa6 g3 25. f3 f5 26. Bg5 Qg7 27. fxe4 Qxd4+ 28. Qe3 Qb4 29. a3 Qa5 30. b4 Qxa6 31. exd5 Bc7 32. b5 Qxb5 33. Rab1 Qxd5 34. Bf4 Ne5 35. Qxg3 Rd7 36. Rfd1 Qxd1+ 37. Rxd1 Rxd1+ 38. Kh2 Ng4+ 0-1


[Site "https://www.chess.com"]

[Event "Titled Tuesday Blitz January 03 Late 2023"]
[White "Roman, Rodrigo"]
[Black "Ronka, Erik"]
[WhiteFideId "3701220"]
[BlackFideId "505080"]
[WhiteElo "2058"]
[BlackElo "2276"]
[Result "1-0"]
[Round "02"]
[TimeControl "180+2"]
[Date "2023.01.03"]
[WhiteClock "0:02:28"]
[BlackClock "0:01:22"]

1. e4 c5 2. Nf3 b6 3. d4 cxd4 4. Nxd4 Bb7 5. Nc3 a6 6. Be3 e6 7. Be2 Qc7 8. O-O Nf6 9. f3 Be7 10. Qd2 O-O 11. Rfd1 b5 12. a3 d5 13. exd5 Nxd5 14. Nxd5 Bxd5 15. Nf5 Bc5 16. b4 Bxe3+ 17. Nxe3 Bb7 18. c4 bxc4 19. Nxc4 Nc6 20. Qd6 Rac8 21. Rac1 h6 22. Qxc7 Rxc7 23. Nd6 Ba8 24. Bxa6 Ra7 25. b5 Nb8 26. Nc8 Rd7 27. Rxd7 Nxd7 28. b6 1-0


[Site "https://www.chess.com"]

[Event "Titled Tuesday Blitz January 03 Late 2023"]
[White "Sanchez, Robert"]
[Black "Sukandar, Irine Kharisma"]
[WhiteFideId "2034360"]
[BlackFideId "7101937"]
[WhiteElo "1966"]
[BlackElo "2390"]
[Result "1-0"]
[Round "02"]
[TimeControl "180+2"]
[Date "2023.01.03"]
[WhiteClock "0:00:54"]
[BlackClock "0:00:29"]

1. e4 e5 2. Nf3 d6 3. Bc4 Be7 4. c3 Nf6 5. d3 O-O 6. O-O Nc6 7. h3 a6 8. a4 d5 9. exd5 Nxd5 10. Re1 Nb6 11. Ba2 Bd6 12. Nbd2 Bf5 13. Ne4 Re8 14. Nfg5 Bg6 15. Qf3 Re7 16. h4 h6 17. h5 Bxe4 18. Bxf7+ Kh8 19. Nxe4 Qf8 20. Bg6 Qxf3 21. gxf3 Rf8 22. Kg2 Nd5 23. Be3 Nf4+ 24. Bxf4 Rxf4 25. d4 Nd8 26. dxe5 Bxe5 27. Rad1 Nc6 28. Nc5 b6 29. Nxa6 Rxa4 30. Nb4 Rxb4 31. cxb4 Bd6 32. b5 Ne5 33. f4 Nxg6 34. hxg6 1-0


[Site "https://www.chess.com"]

[Event "Titled Tuesday Blitz January 03 Late 2023"]
[White "Aguilar, Juan"]
[Black "Golizadeh, Asghar"]
[WhiteFideId "3800091"]
[BlackFideId "12505269"]
[WhiteElo "2254"]
[BlackElo "2455"]
[Result "1-0"]
[Round "02"]
[TimeControl "180+2"]
[Date "2023.01.03"]
[WhiteClock "0:00:17"]
[BlackClock "0:00:03"]

1. g3 Nf6 2. Bg2 d5 3. d3 e5 4. Nf3 Nbd7 5. O-O h5 6. h3 h4 7. g4 Bd6 8. c3 e4 9. Nd4 Nxg4 10. dxe4 Ngf6 11. exd5 Ne5 12. e4 Ng6 13. f4 Nh5 14. e5 Bc5 15. Be3 Ng3 16. Re1 Bxd4 17. Bxd4 Nxf4 18. e6 Qg5 19. Be3 Ngh5 20. Qg4 Qxg4 21. hxg4 Nxg2 22. Kxg2 Nf6 23. Na3 Nxd5 24. exf7+ Kxf7 25. Bd4 Nf4+ 26. Kh2 Ne6 27. Nc4 Nxd4 28. cxd4 Be6 29. Ne5+ Kf6 30. Rf1+ Kg5 31. Rae1 Rae8 32. d5 Bxg4 33. Nf7+ Kh5 34. Nxh8 Rxh8 35. Re5+ g5 36. Rg1 Rd8 37. Rc1 c6 38. Rc5 Rf8 39. dxc6 Rf2+ 40. Kg1 Rf4 41. cxb7 Rb4 42. Rb5 1-0


[Site "https://www.chess.com"]

[Event "Titled Tuesday Blitz January 03 Late 2023"]
[White "Polanco Nunez, Yoel Estarling"]
[Black "Mei, Austin"]
[WhiteFideId "6401783"]
[BlackFideId "30948479"]
[WhiteElo "2162"]
[BlackElo "2218"]
[Result "0-1"]
[Round "02"]
[TimeControl "180+2"]
[Date "2023.01.03"]
[WhiteClock "0:00:08"]
[BlackClock "0:01:00"]

1. Nf3 Nf6 2. c4 e6 3. g3 d5 4. Bg2 Be7 5. b3 O-O 6. O-O c6 7. d4 a6 8. Qc2 b5 9. Rd1 Nbd7 10. Nc3 Bb7 11. e4 dxe4 12. Ng5 c5 13. dxc5 Qc7 14. b4 bxc4 15. Ncxe4 Nxe4 16. Nxe4 a5 17. b5 Nxc5 18. Qxc4 Rac8 19. Bf4 e5 20. Be3 Nxe4 21. Qxc7 Rxc7 22. Bb6 Rc4 23. Rd7 Bc5 0-1


[Site "https://www.chess.com"]

[Event "Titled Tuesday Blitz January 03 Late 2023"]
[White "Weisz, Bryan"]
[Black "Taboas Rodriguez, Daniel"]
[WhiteFideId "30934133"]
[BlackFideId "2208466"]
[WhiteElo "1973"]
[BlackElo "2371"]
[Result "0-1"]
[Round "02"]
[TimeControl "180+2"]
[Date "2023.01.03"]
[WhiteClock "0:00:12"]
[BlackClock "0:01:31"]

1. Nf3 Nf6 2. g3 b6 3. Bg2 Bb7 4. O-O g6 5. c4 Bg7 6. Nc3 O-O 7. d4 Ne4 8. Qc2 Nxc3 9. Qxc3 c5 10. e3 Nc6 11. Rd1 d5 12. cxd5 Qxd5 13. Ne5 Nxd4 14. Bxd5 Ne2+ 15. Kf1 Nxc3 16. bxc3 Bxd5 17. Rxd5 e6 18. Rd7 Bxe5 19. Bb2 b5 20. Rb1 Rfd8 21. Rxd8+ Rxd8 22. Ke2 c4 23. f4 Bf6 24. e4 e5 25. Rf1 Rd3 26. Rc1 exf4 27. gxf4 Rh3 28. e5 Rxh2+ 29. Ke3 Bxe5 30. fxe5 Rxb2 31. a4 bxa4 32. Ra1 Rb3 33. Rxa4 Rxc3+ 34. Kd4 Rc1 35. Rxa7 c3 36. Ra8+ Kg7 37. Ra7 c2 38. e6 Rd1+ 39. Ke3 c1=Q+ 0-1


[Site "https://www.chess.com"]

[Event "Titled Tuesday Blitz January 03 Late 2023"]
[White "Bernat, David"]
[Black "Brodowski, Piotr"]
[WhiteFideId "2099225"]
[BlackFideId "1124480"]
[WhiteElo "1862"]
[BlackElo "2457"]
[Result "0-1"]
[Round "02"]
[TimeControl "180+2"]
[Date "2023.01.03"]
[WhiteClock "0:02:07"]
[BlackClock "0:02:25"]

1. c4 e5 2. Nc3 Nc6 3. g3 f5 4. Bg2 Nf6 5. e3 g6 6. Nge2 Bg7 7. O-O O-O 8. d4 e4 9. d5 Ne5 10. b3 d6 11. Nd4 Qe7 12. f3 exf3 13. Nxf3 Nfg4 14. h3 Nxf3+ 15. Qxf3 Bxc3 16. Rb1 Nf6 17. Ba3 Bd7 18. b4 Rae8 19. c5 Qxe3+ 20. Qxe3 Rxe3 21. b5 Bd4 0-1


[Site "https://www.chess.com"]

[Event "Titled Tuesday Blitz January 03 Late 2023"]
[White "Yashmetov, Mikhail"]
[Black "Rian, Kapriaga"]
[WhiteFideId "24198900"]
[BlackFideId "7103263"]
[WhiteElo "2323"]
[BlackElo "2089"]
[Result "1-0"]
[Round "02"]
[TimeControl "180+2"]
[Date "2023.01.03"]
[WhiteClock "0:00:20"]
[BlackClock "0:00:02"]

1. d4 Nf6 2. c4 e6 3. g3 d5 4. Bg2 Bb4+ 5. Bd2 a5 6. Nf3 dxc4 7. Qc2 O-O 8. Qxc4 b6 9. Ne5 Ba6 10. Qc2 Ra7 11. Bxb4 axb4 12. Qd2 c5 13. dxc5 bxc5 14. O-O Qxd2 15. Nxd2 Bxe2 16. Rfe1 Bb5 17. Rec1 Nbd7 18. Nc6 Rc7 19. Nxb4 Rfc8 20. Nc2 Ne5 21. Ne3 Nd3 22. Rc2 Nd5 23. Nxd5 exd5 24. a3 d4 25. b3 g6 26. Bf1 Rb8 27. Ne4 Ne5 28. Rxc5 Nf3+ 29. Kg2 Rxc5 30. Nxc5 Bc6 31. b4 Rd8 32. b5 Ba8 33. b6 Ne1+ 34. Kh3 Bd5 35. Rxe1 Rb8 36. b7 1-0


[Site "https://www.chess.com"]

[Event "Titled Tuesday Blitz January 03 Late 2023"]
[White "Ozdemir, Serhan Berat"]
[Black "Rego, Vinicius V. de Almeida"]
[WhiteFideId "6374611"]
[BlackFideId "2106485"]
[WhiteElo "2223"]
[BlackElo "2238"]
[Result "0-1"]
[Round "02"]
[TimeControl "180+2"]
[Date "2023.01.03"]
[WhiteClock "0:00:04"]
[BlackClock "0:00:22"]

1. e4 c5 2. Nf3 d6 3. d4 cxd4 4. Nxd4 Nf6 5. Nc3 g6 6. Be3 Bg7 7. f3 O-O 8. Qd2 Nc6 9. Bc4 Bd7 10. O-O-O Rc8 11. Bb3 Nxd4 12. Bxd4 b5 13. Nd5 Nxd5 14. Bxg7 Kxg7 15. exd5 a5 16. a3 Kg8 17. h4 b4 18. a4 Qe8 19. h5 Bxa4 20. hxg6 fxg6 21. Rxh7 Kxh7 22. Rh1+ Kg7 23. Qh6+ Kf6 24. Re1 e5 25. dxe6 Bxb3 26. Re4 Rxc2+ 27. Kb1 Rc1+ 28. Kxc1 Qc8+ 29. Kd2 Qc2+ 30. Ke3 Qc1+ 31. Kf2 Qxh6 32. e7 Re8 0-1


[Site "https://www.chess.com"]

[Event "Titled Tuesday Blitz January 03 Late 2023"]
[White "Fernandez, Maria Florencia"]
[Black "Girsh, Daniel"]
[WhiteFideId "116459"]
[BlackFideId "30949190"]
[WhiteElo "2129"]
[BlackElo "2123"]
[Result "1-0"]
[Round "02"]
[TimeControl "180+2"]
[Date "2023.01.03"]
[WhiteClock "0:00:21"]
[BlackClock "0:00:20"]

1. d4 Nf6 2. c4 e6 3. Nc3 Bb4 4. a3 Bxc3+ 5. bxc3 Nc6 6. f3 d6 7. e4 e5 8. Bg5 h6 9. Bh4 g5 10. Bf2 b6 11. Bd3 Ba6 12. Qa4 Bb7 13. d5 b5 14. Qxb5 O-O 15. dxc6 Bc8 16. Ne2 Be6 17. O-O Rb8 18. Qa4 g4 19. f4 Nh5 20. f5 Bc8 21. Rab1 Ra8 22. Bxa7 Kh7 23. Rb2 Qg5 24. Rfb1 Nf4 25. Nxf4 exf4 26. Rb8 Rxb8 27. Rxb8 g3 28. Qd1 gxh2+ 29. Kh1 Rg8 30. Qf3 Qh4 31. Bf2 Qf6 32. Bd4 Qh4 33. Qf2 Qh5 34. e5 dxe5 35. Bxe5 f6 36. Bxf4 Bxf5 37. Bxf5+ Qxf5 38. Rxg8 Kxg8 39. Qg3+ Kh7 40. Kxh2 h5 41. Qh4 Kg6 42. Bg3 Qd3 43. Qd4 Qe2 44. Bxc7 h4 45. Qxh4 Qe6 46. Qg3+ Kf7 47. Bf4 Qxc6 48. Qd3 Kg7 49. Qd5 Qc8 50. c5 Qg4 51. Qf3 Qg6 52. Qg3 Qxg3+ 53. Bxg3 Kf7 54. c6 Ke6 55. c7 Kd7 56. Kh3 Kc8 57. Kg4 Kd7 58. Kf5 Kc8 59. Kxf6 Kb7 60. Ke7 Kc8 61. Ke8 Kb7 62. Kd8 Ka6 63. c8=Q+ Ka5 64. Qc4 Kb6 65. Bf2+ Kb7 66. Qc7+ Ka6 67. Qb6# 1-0


[Site "https://www.chess.com"]

[Event "Titled Tuesday Blitz January 03 Late 2023"]
[White "Al-Tarboush, Ward"]
[Black "Lacasa Diaz, Jose Antonio"]
[WhiteFideId "7601450"]
[BlackFideId "2203375"]
[WhiteElo "2256"]
[BlackElo "2359"]
[Result "1/2-1/2"]
[Round "02"]
[TimeControl "180+2"]
[Date "2023.01.03"]
[WhiteClock "0:01:52"]
[BlackClock "0:00:50"]

1. e4 c5 2. Nf3 e6 3. d4 cxd4 4. Nxd4 Nf6 5. Nc3 d6 6. g4 e5 7. Nf5 h5 8. g5 Nxe4 9. Nxg7+ Bxg7 10. Nxe4 d5 11. Bb5+ Nc6 12. Nc3 Be6 13. Qe2 a6 14. Bxc6+ bxc6 15. Bd2 e4 16. f3 exf3 17. Qxf3 Bg4 18. Qe3+ Kd7 19. O-O Re8 20. Rxf7+ Kc8 21. Qf4 Be5 22. Qa4 Qb6+ 23. Kg2 Be6 24. Raf1 Kb8 25. Bf4 Bxf7 26. Bxe5+ Rxe5 27. Qf4 Qc7 28. Qb4+ Ka7 29. Qc5+ Kb7 30. Qb4+ Ka7 31. Qc5+ Kb7 32. Qb4+ Ka7 1/2-1/2


[Site "https://www.chess.com"]

[Event "Titled Tuesday Blitz January 03 Late 2023"]
[White "Vifleemskaia, Svetlana"]
[Black "Winterberg, Lukas"]
[WhiteFideId "4129490"]
[BlackFideId "24622702"]
[WhiteElo "1971"]
[BlackElo "2402"]
[Result "1-0"]
[Round "02"]
[TimeControl "180+2"]
[Date "2023.01.03"]
[WhiteClock "0:01:44"]
[BlackClock "0:00:33"]

1. d4 Nf6 2. c4 e6 3. Nc3 d5 4. cxd5 exd5 5. Bg5 c6 6. e3 Be7 7. Bd3 h6 8. Bh4 O-O 9. Nge2 Re8 10. f3 Nbd7 11. O-O Nf8 12. Bf2 Ne6 13. Kh1 g6 14. e4 Ng7 15. e5 Nh7 16. Ng3 h5 17. f4 h4 18. Nge2 Bf5 19. Bxf5 Nxf5 20. g4 hxg3 21. hxg3 Kg7 22. Kg2 Nf8 23. Rh1 Ne6 24. Qd2 Rh8 25. Rxh8 Qxh8 26. Rh1 Qd8 27. g4 Nh6 28. Kf3 c5 29. Be3 cxd4 30. Nxd4 Nxd4+ 31. Bxd4 Ng8 32. g5 Qd7 33. e6+ f6 34. exd7 Rd8 35. Nxd5 1-0


[Site "https://www.chess.com"]